AoeStats
← TechPriest7106

Arabia

504233482Analyzed
1v1 RM · 28d ago on Sep 4, 2026· 60m 43s· 2 players
Game mode
Random Map
Map size
Tiny (2 player)
Population
200
Speed
Normal
Resources
Standard
Victory
Conquest
Starting age
Dark Age
Ending age
Imperial Age
RankedLock teamsTeams togetherTeam positionsShared explorationLock speedFull tech treeHidden civsTurbo modeCheats
Victory
Defeat
🇺🇸 Vikings · United States
727
+15
🇩🇪 Cumans · Germany
697
-15
arturo4410
11:27 Feudal Age
12:16 Double-Bit Axe
13:46 Horse Collar
19:51 Wheelbarrow
21:17 Stone Mining
21:17 Gold Mining
21:21 Loom
24:55 Castle Age
26:12 Bow Saw
27:31 Hand Cart
27:35 Bloodlines
28:44 Gold Shaft Mining
29:03 Heavy Plow
29:49 Scale Barding Armor
29:45 Scale Mail Armor
29:56 Forging
34:35 Imperial Age
33:08 Steppe Husbandry
36:02 Imperial Age
33:57 Arson
34:12 Squires
34:30 Thumb Ring
36:19 Chain Barding Armor
36:15 Chain Mail Armor
36:01 Padded Archer Armor
35:52 Fletching
36:37 Iron Casting
36:18 Cavalier
38:40 Plate Mail Armor
38:45 Plate Barding Armor
39:58 Hoardings
39:50 Bodkin Arrow
40:12 Leather Archer Armor
40:23 Ballistics
40:13 Masonry
39:59 Murder Holes
43:00 Blast Furnace
41:24 Paladin
44:52 Parthian Tactics
46:55 Heavy Cavalry Archer
51:04 Chemistry
50:42 Ring Archer Armor
51:12 Crop Rotation
51:46 Two-Man Saw
58:13 Two-Man Saw
TechPriest7106
6:38 Loom
11:23 Feudal Age
11:50 Horse Collar
11:58 Double-Bit Axe
11:37 Man-at-Arms
13:01 Arson
22:32 Castle Age
21:38 Forging
21:33 Scale Mail Armor
22:35 Fletching
23:47 Bodkin Arrow
24:23 Long Swordsman
25:04 Squires
27:23 Elite Skirmisher
29:11 Iron Casting
31:20 Chieftains
31:41 Chain Mail Armor
32:19 Gold Mining
34:12 Gold Shaft Mining
38:27 Imperial Age
39:36 Conscription
39:36 Elite Berserk
Connection lost

Rejoining the realm…

Still unreachable

The connection could not be restored.

Session expired

The server has moved on; the page needs a fresh start.